 Dungeon Crawl Stone Soup version 0.19.0-24-gb05acd6 (console) character file.

232 Jesseh the Conjurer (level 5, -9/28 HPs)
             Began as a Deep Elf Conjurer on Nov 21, 2016.
             Killed from afar by an orc wizard (10 damage)
             ... with a puff of frost
             ... on level 4 of the Dungeon.
             The game lasted 00:14:49 (2731 turns).

Jesseh the Conjurer (Deep Elf Conjurer)             Turns: 2731, Time: 00:14:50

Health: -9/28      AC:  3    Str:  6    XL:     5   Next: 73%
Magic:  1/11       EV: 14    Int: 20    God:
Gold:   113        SH:  0    Dex: 15    Spells: 2 memorised, 4 levels left

rFire  . . .     SeeInvis .     x - +0 short sword (freeze)
rCold  . . .     Gourm    .     a - +0 robe
rNeg   . . .     Faith    .     (no shield)
rPois  .         Spirit   .     (no helmet)
rElec  .         Reflect  .     (no cloak)
rCorr  +         Harm     .     q - +0 pair of gloves
MR     .....                    (no boots)
Stlth  ++........               (no amulet)
                                (no ring)
                                o - ring of resist corrosion

@: no status effects
A: no striking features
a: no special abilities


You were on level 4 of the Dungeon.
You were not hungry.

You visited 1 branch of the dungeon, and saw 4 of its levels.

You collected 113 gold pieces.

Inventory:

Hand Weapons
 i - a +4 dagger
   (You took it off a goblin on level 1 of the Dungeon)
 x - a +0 short sword of freezing (weapon)
   (You took it off a kobold on level 2 of the Dungeon)
Armour
 a - a +0 robe (worn)
 q - a +0 pair of gloves (worn)
   (You found it on level 2 of the Dungeon)
Jewellery
 e - an uncursed amulet of guardian spirit
   (You found it on level 1 of the Dungeon)
 o - a ring of resist corrosion (left hand)
   (You found it on level 1 of the Dungeon)
Scrolls
 f - 2 scrolls of teleportation {unknown}
 j - a scroll of enchant armour {unknown}
 k - 3 scrolls of remove curse {unknown}
 n - a scroll of blinking {unknown}
 r - 3 scrolls of identify {unknown}
 v - a scroll of fog {unknown}
 w - 2 scrolls of magic mapping {unknown}
 y - a scroll of amnesia {unknown}
Potions
 h - 2 potions of might {unknown}
 l - a potion of agility {unknown}
 m - a potion of curing {unknown}
 p - a potion of ambrosia {unknown}
 t - a potion of experience {unknown}
 u - a potion of berserk rage {unknown}
 A - 2 potions of invisibility {unknown}
 B - a potion of lignification {unknown}
Books
 b - a book of Conjurations
Comestibles
 c - 4 bread rations
 d - 10 chunks of flesh
 g - 2 slices of pizza
 s - a beef jerky
 z - a meat ration


   Skills:
 - Level 4.1 Dodging
 - Level 2.4 Stealth
 - Level 3.0 Spellcasting
 - Level 6.3 Conjurations
 * Level 3.8 Charms


You had 4 spell levels left.
You knew the following spells:

 Your Spells              Type           Power        Failure   Level  Hunger
a - Magic Dart            Conj           ####         1%          1    None
b - Iskenderun's Battles  Conj/Chrm      ###.....     58%         5    ######.


Dungeon Overview and Level Annotations

Branches:
Dungeon (4/15)
 Temple: D:4-7

Altars:
Fedhas
Yredelemnul


Message History

You resist with some effort.
You closely miss the orc wizard.
The orc wizard gestures at you while chanting.
The puff of flame misses you.
Aim: an orc wizard, wielding a dagger and wearing a robe (severely wounded)
The magic dart hits the orc wizard.
You kill the orc wizard!
Your Charms skill increases to level 2!
Things that are here:
a dagger; a robe; an orc corpse You butcher the orc corpse.
d - 3 chunks of flesh (gained 2)
Things that are here:
a dagger; a robe; an orc skeleton
There is an open door here.
You see here an orc corpse.
You butcher the orc corpse.
d - 7 chunks of flesh (gained 4)
There is an open door here.
Things that are here:
a war axe; a ring mail There isn't anything to butcher here.
Done exploring.
There is an escape hatch in the floor here.
You slide downwards.
The hatch slams shut behind you.
An orc comes into view.
Aim: an orc (resting)
The magic dart hits the orc.
You kill the orc!
Your Charms skill increases to level 3!
Found a stone staircase leading up and a stone staircase leading down.
You see here an orc corpse.
You butcher the orc corpse.
d - 11 chunks of flesh (gained 4) As you open the door, it creaks loudly!
You hear a shout!
A centaur skeleton comes into view.
There is an open door here.
Aim: a centaur skeleton (hasn't noticed you)
The magic dart hits the centaur skeleton.
The centaur skeleton hits you.
Aim: a centaur skeleton (lightly damaged)
The magic dart hits the centaur skeleton.
The centaur skeleton hits you.
Aim: a centaur skeleton (moderately damaged)
The magic dart hits the centaur skeleton.
The centaur skeleton hits you!
Aim: a centaur skeleton (heavily damaged)
The magic dart hits the centaur skeleton.
The centaur skeleton barely misses you.
The centaur skeleton closely misses you.
Aim: a centaur skeleton (severely damaged)
The magic dart hits the centaur skeleton.
The centaur skeleton hits you!
* * * LOW HITPOINT WARNING * * *
You don't have enough magic to cast that spell.
Unknown command.
You don't have enough magic to cast that spell.
Unknown command.
You hit the centaur skeleton.
You destroy the centaur skeleton!
You start resting.
Some of the chunks of flesh in your inventory have rotted away.
An orc comes into view. It is wielding a hand axe.
Aim: an orc, wielding a hand axe and wearing a scale mail The magic dart hits the orc.
The orc moves out of view.
An orc wizard comes into view. It is wielding a dagger.
Aim: an orc wizard, wielding a dagger and wearing a robe (hasn't noticed you)
The magic dart hits the orc wizard.
The orc wizard shouts!
The orc wizard moves out of view.
An orc wizard comes into view. It is wielding a dagger.
Aim: an orc, wielding a hand axe and wearing a scale mail (heavily wounded)
The magic dart hits the orc.
The orc wizard shouts!
Aim: an orc wizard, wielding a dagger and wearing a robe (heavily wounded)
The magic dart hits the orc wizard.
The orc wizard casts a spell at you. The puff of flame hits you!
* * * LOW HITPOINT WARNING * * *
Aim: an orc wizard, wielding a dagger and wearing a robe (heavily wounded)
The magic dart hits the orc.
You kill the orc!
The orc wizard casts a spell.
The orc wizard seems to speed up.
Aim: an orc wizard, wielding a dagger and wearing a robe (fast)
The magic dart hits the orc wizard.
Aim: an orc wizard, wielding a dagger and wearing a robe (heavily wounded)
The magic dart hits the orc wizard.
Aim: an orc wizard, wielding a dagger and wearing a robe (heavily wounded)
The magic dart hits the orc wizard.
Aim: an orc wizard, wielding a dagger and wearing a robe (severely wounded)
The magic dart hits the orc wizard.
The orc wizard points at you and mumbles some strange words.
The puff of frost hits you!
* * * LOW HITPOINT WARNING * * *
An orc priest comes into view. It is wielding a mace.
The orc priest shouts!
The orc wizard points at you and mumbles some strange words.
The puff of frost hits you!
You die...

▒.▒..▒....
........▒
▒▒.......▒
........▒
▒▒.......▒
▒........▒
▒........▒
▒........▒
▒...e....▒
▒o▒▒▒▒.▒.▒
▒....o......<..▒
▒..............▒
▒..............▒
▒............▒.▒
▒............▒>.
▒............▒
▒............+


You could see an orc wizard.

Vanquished Creatures
  An orc priest (D:3)
  A centaur skeleton (D:4)
  An orc wizard (D:3)
  6 adders (D:2)
  An ooze (D:3)
  3 worms
  4 dart slugs
  9 orcs
  7 ball pythons
  A giant cockroach (D:1)
  7 goblins
  7 hobgoblins
  9 kobolds
  2 quokkas
  5 bats
  3 frilled lizards
  6 rats
73 creatures vanquished.

Notes
Turn   | Place    | Note
-------+----------+-------------------------------------------
     0 | D:1      | Jesseh the Deep Elf Conjurer began the quest for the Orb.
     0 | D:1      | Reached XP level 1. HP: 10/10 MP: 6/6
   242 | D:1      | Reached XP level 2. HP: 10/15 MP: 1/8
   433 | D:1      | Reached skill level 5 in Conjurations
   920 | D:2      | Reached skill level 3 in Dodging
   920 | D:2      | Reached XP level 3. HP: 19/19 MP: 5/9
  1231 | D:2      | Found a faded altar of an unknown god.
  1260 | D:2      | Reached XP level 4. HP: 24/24 MP: 7/10
  1639 | D:2      | Reached skill level 6 in Conjurations
  1780 | D:3      | Found a blossoming altar of Fedhas.
  1780 | D:3      | Found a faded altar of an unknown god.
  1786 | D:3      | Found a faded altar of an unknown god.
  1788 | D:3      | Found a basalt altar of Yredelemnul.
  1790 | D:3      | Found a faded altar of an unknown god.
  1906 | D:3      | Reached skill level 4 in Dodging
  1906 | D:3      | Reached XP level 5. HP: 9/28 MP: 1/11
  1913 | D:3      | Learned a level 5 spell: Iskenderun's Battlesphere
  2426 | D:3      | Reached skill level 1 in Charms
  2602 | D:3      | Reached skill level 2 in Charms
  2635 | D:4      | Reached skill level 3 in Charms
  2730 | D:4      | HP: 1/28 [orc wizard/puff of frost (10)]
  2731 | D:4      | Killed from afar by an orc wizard

Skill      XL: |  1  2  3  4  5 |
---------------+----------------+-----
Conjurations   | 5 6 |  6.3
Dodging        | 3 4 |  4.1
Charms         | 3 |  3.8
Stealth        | |  2.4
Spellcasting   | |  3.0

Action                   |  1- 3 |  4- 6 || total
-------------------------+-------+-------++-------
Melee: Short sword       |       |     8 ||     8
 Cast: Magic Dart        |    64 |    97 ||   161
  Eat: Chunk             |     1 |     2 ||     3
       Bread ration      |       |     1 ||     1
Armor: Robe              |     2 |       ||     2
Dodge: Dodged            |     9 |    20 ||    29

Vault maps used:
D:1:      scummos_arrival_forest
D:2:      first_bread, ecumenical_altar_2, minmay_snake_closets
D:3:      chequers_temple_overflow_minitemple, grunt_ministairs_3
D:4:      serial_shops, nicolae_shop_behind_doors, trog_eyes_of_draining

Table legend:
 A = Turns spent in this place as a percentage of turns spent in the entire game.
 B = Non-inter-level travel turns spent in this place as a percentage of non-inter-level travel turns spent in the entire game.
 C = Inter-level travel turns spent in this place as a percentage of turns spent in this place.
 D = Turns resting spent in this place as a percentage of non-inter-level travel turns spent in this place.
 E = Turns spent auto-exploring this place as a percentage of non-inter-level travel turns spent in this place.
 F = Non-inter-level travel turns spent in this place divided by the number of levels of this place that you've seen.
                   A       B       C       D       E      F
               +-------+-------+-------+-------+-------+----------------------
         Total | 100.0 | 100.0 |   0.7 |   2.0 |   8.0 | 211.2
       Dungeon | 100.0 | 100.0 |   0.7 |   2.0 |   8.0 | 211.2
               +-------+-------+-------+-------+-------+----------------------

Table legend:
 A = Kills in this place as a percentage of kills in entire the game.
 B = Kills by you in this place as a percentage of kills by you in the entire game.
 C = Kills by friends in this place as a percentage of kills by friends in the entire game.
 D = Other kills in this place as a percentage of other kills in the entire game.
 E = Experience gained in this place as a percentage of experience gained in the entire game.
 F = Experience gained in this place divided by the number of levels of this place that you have seen.
                   A       B       C       D       E      F
               +-------+-------+-------+-------+-------+----------------------
         Total | 100.0 | 100.0 |  -nan |  -nan | 100.0 |  83.0
       Dungeon | 100.0 | 100.0 |  -nan |  -nan | 100.0 |  83.0
               +-------+-------+-------+-------+-------+----------------------
